 Dungeon Crawl Stone Soup version 0.21-a0-28-g9a7844a (webtiles) character file.

110 Chiseanne the Vexing (level 4, -1/66 HPs)
             Began as an Ogre Arcane Marksman on May 26, 2017.
             Slain by a hobgoblin
             ... wielding a +0 club
             ... led by Robin
              (5 damage)
             ... on level 2 of the Dungeon.
             The game lasted 00:05:37 (2604 turns).

Chiseanne the Vexing (Ogre Arcane Marksman)         Turns: 2604, Time: 00:05:38

Health: -1/66      AC: 22    Str: 13 (14) XL:     4   Next: 91%
Magic:  7/7        EV:  1    Int: 11 (14) God:
Gold:   156        SH:  0    Dex:  8 (10) Spells: 6/7 levels left

rFire    . . .     SeeInvis .   a - +0 mace
rCold    . . .     Gourm    .   (no shield)
rNeg     + + +     Faith    .   (armour currently unavailable)
rPois    +         Spirit   .   (helmet currently unavailable)
rElec    .         Reflect  .   (cloak currently unavailable)
rCorr    .         Harm     .   (gloves unavailable)
MR       .....     Clarity  +   (boots unavailable) Stlth ++........NoTele +
                                (no amulet)
Regen    0.3/turn               k - ring of stealth
MPRegen  0.1/turn               n - +1 ring of slaying

@: tree-form, hasted, very quick
A: unfitting armour, clarity, sense surroundings 1
a: no special abilities


You were on level 2 of the Dungeon.
You were hungry.
You were a tree.
You visited 1 branch of the dungeon, and saw 2 of its levels.

You collected 156 gold pieces.

Inventory:

Hand Weapons
 a - a +0 mace (weapon)
 c - a cursed -2 hand axe
 s - a +0 hand axe
Missiles
 d - a throwing net
 i - 67 stones
 q - 2 large rocks (quivered)
Armour
 h - a cursed +0 robe (melded)
Jewellery
 k - a ring of stealth (left branch)
 n - a +1 ring of slaying (right branch)
 r - an uncursed ring of flight {unknown}
Wands
 t - a wand of polymorph (6/24)
Scrolls
 e - a scroll of blinking
 w - a scroll of teleportation
Potions
 l - a potion of mutation
Books
 b - a book of Debilitation

   Spells                             Type                      Level
   a - Corona                         Hexes                        1
   b - Slow                           Hexes                        2
   c - Inner Flame                    Hexes/Fire                   3
   d - Portal Projectile              Hexes/Translocation          3
   e - Cause Fear                     Hexes                        4
   f - Leda's Liquefaction            Hexes/Earth                  4
Comestibles
 f - 3 bread rations
 o - 2 royal jellies
 u - 4 chunks of flesh
 v - 3 fruits


   Skills:
 * Level 2.8 Fighting
 * Level 2.9 Throwing
 * Level 2.6 Dodging
 * Level 2.2 Spellcasting
 * Level 3.1 Hexes


You had 6 spell levels left.
You knew the following spells:

 Your Spells              Type           Power        Failure   Level  Hunger
a - Corona                Hex            #......      8%          1    ##.....


Dungeon Overview and Level Annotations

Branches:
Dungeon (2/15)

Altars:
Trog

Annotations:
D:2 Robin


Innate Abilities, Weirdness & Mutations

You are too large for most types of armour.
((You have tough skin. (AC +1)))
((You have a pair of small antennae on your head.))
You possess an exceptional clarity of mind.
You passively map a small area around you.


Message History

The hobgoblin hits you but does no damage.
You closely miss the goblin. Robin throws the goblin at you!
* * * LOW HITPOINT WARNING * * *
The goblin hits you but does no damage. x2; The hobgoblin hits you with a club.
* * * LOW HITPOINT WARNING * * *
You hit the goblin.
You kill the goblin!
The goblin hits you but does no damage.
The hobgoblin hits you but does no damage.
Robin points. "Kill!"
The goblin hits you but does no damage.
It was a potion of haste.
You feel yourself speed up.
The hobgoblin hits you but does no damage.
The goblin hits you with a dagger.
* * * LOW HITPOINT WARNING * * *
It was a potion of degeneration.
There was something very wrong with that liquid.
You feel weakened.
You feel dopey.
You feel clumsy. The hobgoblin hits you with a club.
You die...

*##** g. ,
*g# , {# *
######
####g###.#.
.....#
#g♣gr......
####.#
#)#########
,* ,* # #.#
#.# # #.#
#.# # #.#
#.# .# ,
#.# #.#
#'## *
####.##
#####.####
##...##
......#
#........#
##.....##
......#
#.###..#.#
##.......##


You could see Robin, a hobgoblin, a goblin and a rat.

Vanquished Creatures
  Jessica (D:2)
  Terence (D:2)
  An adder (D:2)
  A dart slug (D:1)
  A leopard gecko (D:2)
  6 bats
  3 giant cockroaches
  12 goblins
  4 hobgoblins
  5 jackals
  4 frilled lizards (D:1)
  2 kobolds (D:1)
  5 rats (D:1)
46 creatures vanquished.

Notes
Turn   | Place    | Note
-------+----------+-------------------------------------------
     0 | D:1      | Chiseanne the Ogre Arcane Marksman began the quest for the Orb.
     0 | D:1      | Reached XP level 1. HP: 19/19 MP: 2/2
   176 | D:1      | Reached XP level 2. HP: 4/28 MP: 4/4
  1350 | D:1      | Reached XP level 3. HP: 28/35 MP: 5/5
  1677 | D:1      | You fall through a shaft!
  1743 | D:2      | Noticed Terence
  1752 | D:2      | Killed Terence
  1860 | D:2      | Reached XP level 4. HP: 40/44 MP: 5/7
  2319 | D:2      | Noticed Jessica
  2329 | D:2      | Killed Jessica
  2329 | D:2      | Reached skill level 3 in Hexes
  2548 | D:2      | Found a bloodstained altar of Trog.
  2581 | D:2      | Noticed Robin
  2597 | D:2      | Gained mutation: You have a pair of small antennae on your head. [potion of mutation]
  2597 | D:2      | Gained mutation: You passively map a small area around you. [potion of mutation]
  2597 | D:2      | Gained mutation: You possess an exceptional clarity of mind. [potion of mutation]
  2604 | D:2      | Slain by a hobgoblin

Vault maps used:
D:1:      dpeg_arrival_leaves_temple_mockup, minmay_hexomino_p4
D:2:      minitemple, trog_book, uniq_robin, uniq_jessica, uniq_terence

Skill      XL: |  1  2  3  4 |
---------------+-------------+-----
Dodging        | 2 |  2.6
Fighting       | 2 |  2.8
Spellcasting   | 2 |  2.2
Hexes          | 3 |  3.1
Throwing       | |  2.9

Action                   |  1- 3 |  4- 6 || total
-------------------------+-------+-------++-------
Melee: Unarmed           |    35 |       ||    35
       Club              |    42 |       ||    42
       Spear             |    25 |       ||    25
       Hand axe          |    40 |       ||    40
       Mace              |       |    36 ||    36
Throw: Large rock        |     7 |     1 ||     8
       Throwing net      |     1 |       ||     1
  Use: Scroll            |     5 |     2 ||     7
       Potion            |       |     6 ||     6
 Stab: Held in net/web   |     3 |       ||     3
       Sleeping          |       |     2 ||     2
       Distracted        |       |     1 ||     1
  Eat: Chunk             |     3 |     2 ||     5
Armor: Robe              |    70 |    20 ||    90
       Skin              |       |     5 ||     5
Dodge: Dodged            |   106 |    28 ||   134
